 Dungeon Crawl Stone Soup version 0.27-a0-535-g7eaf864cf9 (webtiles) character file.

Game seed: 9531026479501137035

94 Froggeryz the Sneak (level 4, 0/28 HPs)
             Began as a Gargoyle Delver on Mar 6, 2021.
             Slain by a gnoll
             ... wielding a +0 flail
              (10 damage)
             ... on level 2 of the Dungeon.
             The game lasted 00:03:09 (3086 turns).

Froggeryz the Sneak (Gargoyle Delver)               Turns: 3086, Time: 00:03:10

Health: 0/28       AC: 10    Str: 16    XL:     4   Next: 63%
Magic:  4/4        EV: 10    Int: 11    God:
Gold:   111        SH:  0    Dex: 11    Spells: 3/3 levels left

rFire    . . .     SeeInvis .   e - +1 dagger (venom)
rCold    + . .     Faith    .   (no shield)
rNeg     + . .     Spirit   .   h - +0 ring mail
rPois    ∞         Reflect  .   (no helmet)
rElec    +         Harm     .   (no cloak)
rCorr    .         Rampage  .   k - +0 pair of gloves
Will     .....                  (no boots)
Stlth    ++........             (no amulet)
HPRegen  0.09/turn              (no ring)
MPRegen  0.09/turn              p - ring of protection from cold

@: no status effects
A: negative energy resistance 1, electricity resistance, torment resistance 1,
unbreathing 1, petrification resistance, AC +3
a: no special abilities


You were on level 2 of the Dungeon.
You visited 1 branch of the dungeon, and saw 5 of its levels.

You collected 111 gold pieces.

Inventory:

Hand Weapons
 e - a +1 dagger of venom (weapon)
 v - a +0 flail
Armour
 h - a +0 ring mail (worn)
 k - a +0 pair of gloves (worn)
Jewellery
 p - a ring of protection from cold (right hand)
 u - a ring of wizardry
Wands
 g - a wand of digging (3)
Scrolls
 c - 2 scrolls of fog
 d - a scroll of magic mapping
 j - 7 scrolls of identify {unknown}
 s - a scroll of enchant weapon {unknown}
Potions
 b - a potion of flight {unknown}
 f - a potion of haste
 i - 3 potions of ambrosia {unknown}
 l - a potion of cancellation {unknown}
 m - 2 potions of degeneration {unknown}
 n - a potion of brilliance {unknown}
 o - a potion of resistance {unknown}
 q - a potion of might {unknown}
 r - a potion of magic {unknown}
 t - a potion of mutation {unknown}


   Skills:
 - Level 3.2 Fighting
 * Level 4.0 Maces & Flails
 + Level 2.3 Armour
 - Level 1.5 Dodging
 - Level 5.4 Stealth


You had 3 spell levels left.
You didn't know any spells.
Your spell library was empty.

Dungeon Overview and Level Annotations

Branches:
Dungeon (5/15)
 Temple: D:4-7

Altars:
Ashenzari

Shops:
D:5 *


Innate Abilities, Weirdness & Mutations

Your stone body is resilient. (AC +3)
You are immune to poison.
You resist negative energy. (rN+)
You are resistant to electric shocks. (rElec)
You are resistance to unholy torment.
You can survive without breathing.
You are immune to petrification.


Message History

Unknown command.
The gnoll throws a poisoned dart.
The poisoned dart hits you!
There is an open door here.
You barely miss the gnoll. The gnoll closely misses you.
You closely miss the gnoll. The gnoll misses you.
The gnoll hits you with a +0 flail.
You hit the gnoll.
The gnoll is lightly wounded.
The gnoll barely misses you. The gnoll hits you with a +0 flail.
The gnoll barely misses you.
You hit the gnoll.
The gnoll is moderately wounded.
The gnoll hits you but does no damage. The gnoll barely misses you.
You hit the gnoll but do no damage.
The gnoll is moderately wounded.
The gnoll misses you. The gnoll hits you but does no damage.
You closely miss the gnoll.
The gnoll is moderately wounded.
The gnoll hits you with a +0 flail! The gnoll barely misses you.
You are too injured to fight recklessly!
You are too injured to fight recklessly!
Unknown command.
Unknown command.
You see here a +0 robe.
There is a stone staircase leading up here.
The gnoll misses you.
You climb upwards.
There is a stone staircase leading down here.
Your +1 dagger of venom begins to drip with poison!
e - a +1 dagger of venom (weapon)
You barely miss the gnoll.
The gnoll is lightly wounded.
The gnoll hits you with a +0 flail!
You are too injured to fight recklessly!
You are too injured to fight recklessly!
You are too injured to fight recklessly!
You hit the gnoll.
The gnoll is moderately wounded.
The gnoll hits you with a +0 flail!
You die...

........................##.#
.................#########.#
.#####...........# #.#
.....#......##...# #.#
####........##...# #.#
#...........##...# #.#
#................# #.#
.....#)####.###.g# #.#
.......#........@# #.#
##..####.#######.# #.# ....#
#.# #.# #.# ##.## #.# #.#
#.# #.# #.# #.#########.#
#.#####.### #...........#
##.........# #############
...#######.## .#..........#


You could see a gnoll.

Vanquished Creatures
  2 adders (D:2)
  An ooze (D:2)
  3 worms (D:2)
  3 dart slugs
  3 leopard geckos
  An orc (D:4)
  A giant cockroach (D:1)
  9 goblins
  3 hobgoblins
  6 jackals (D:3)
  A quokka (D:3)
  6 bats
  3 frilled lizards
  8 kobolds
  2 rats (D:2)
52 creatures vanquished.

Notes
Turn   | Place    | Note
-------+----------+-------------------------------------------
     0 | D:5      | Froggeryz the Gargoyle Delver began the quest for the Orb.
     0 | D:5      | Reached XP level 1. HP: 14/14 MP: 1/1
    46 | D:5      | Noticed an ogre
    46 | D:5      | Noticed an orc priest
   445 | D:3      | Reached XP level 2. HP: 12/19 MP: 2/2
   602 | D:3      | Reached skill level 1 in Armour
   840 | D:1      | Reached XP level 3. HP: 21/23 MP: 3/3
  1647 | D:2      | Reached XP level 4. HP: 28/28 MP: 4/4
  1660 | D:2      | Found a broken altar of Ashenzari.
  3086 | D:2      | Slain by a gnoll

Illustrated notes

Levels and vault maps discovered:
D:1:      nzn_arrival_depleted_hourglass, layout_loops_cross
D:2:      layout_basic, evilmike_ruin_ashenzari
D:3:      layout_loops_ring, kennysheep_path_1
D:4:      minmay_recursive_quarters, layout_loops_ring, general_overflow_altar
D:5:      layout_cave_pools, kennysheep_mini, okawaru_trees_2, serial_shops,
          shop, shop, shop, shop_scrolls, kennysheep_mini_moat,
          kennysheep_generic_room_13

Skill      XL: |  1  2  3  4 |
---------------+-------------+-----
Armour         | 1 2 |  2.3
Maces & Flails | 3 4 |  4.0
Fighting       | |  3.2
Dodging        | |  1.5
Stealth        | |  5.4

Action                   |  1- 3 |  4- 6 || total
-------------------------+-------+-------++-------
Melee: Mace              |    14 |       ||    14
       Dagger            |    76 |    61 ||   137
       Flail             |       |     6 ||     6
  Use: Scroll            |     1 |       ||     1
 Stab: Sleeping          |     2 |     5 ||     7
       Distracted        |       |     1 ||     1
Armor: Ring mail         |    36 |    12 ||    48
       Leather armour    |     2 |       ||     2
Dodge: Dodged            |    55 |    32 ||    87

Table legend: (Time is in decaauts)
 A = Elapsed time spent in this place.
 B = Non-inter-level travel time spent in this place.
 C = Inter-level travel time spent in this place.
 D = Time resting spent in this place.
 E = Time spent auto-exploring this place.
 F = Levels seen in this place.
 G = Mean time per level.
                   A        B        C        D        E       F      G
               +--------+--------+--------+--------+--------+-----+--------+
         Total |   3088 |   3010 |     78 |    444 |   1995 |   5 |  617.6 |
       Dungeon |   3088 |   3010 |     78 |    444 |   1995 |   5 |  617.6 |
               +--------+--------+--------+--------+--------+-----+--------+

Top non-repeatable levels by time:
     D:2: 1179 daAuts
     D:3: 911 daAuts
     D:1: 607 daAuts
     D:4: 332 daAuts
     D:5: 56 daAuts
